 Dungeon Crawl Stone Soup version 0.23.1 (webtiles) character file.

Game seed: 11571905520659290679

111 Kisielow the Cudgeler (level 4, -12/36 HPs)
             Began as a Demonspawn Abyssal Knight on Mar 13, 2019.
             Was a Follower of Lugonu.
             Mangled by an ogre
             ... wielding a +0 giant club
              (22 damage)
             ... on level 3 of the Dungeon.
             The game lasted 00:04:47 (1750 turns).

Kisielow the Cudgeler (Demonspawn Abyssal Knight)   Turns: 1750, Time: 00:04:47

Health: -12/36     AC: 10    Str: 18    XL:     4   Next: 62%
Magic:  5/5        EV:  7    Int: 13    God:    Lugonu [*.....]
Gold:   83         SH:  0    Dex: 13    Spells: 3/3 levels left

rFire    . . .     SeeInvis .   a - +1 mace
rCold    . . .     Gourm    .   (no shield)
rNeg     . . .     Faith    .   m - +0 chain mail
rPois    .         Spirit   .   l - +1 hat
rElec    .         Reflect  .   (no cloak)
rCorr    .         Harm     .   (no gloves)
MR       .....                  (no boots)
Stlth    ..........             (no amulet)
HPRegen  0.12/turn              (no ring)
MPRegen  0.09/turn              (no ring)

@: mighty
A: rugged brown scales 1, powered by pain 1
a: Depart the Abyss, Renounce Religion


You were on level 3 of the Dungeon.
You worshipped Lugonu.
Lugonu was aware of your devotion.
You were not hungry.

You visited 1 branch of the dungeon, and saw 3 of its levels.
You visited the Abyss 1 time.

You collected 83 gold pieces.

Inventory:

Hand Weapons
 a - a +1 mace (weapon)
Armour
 l - a +1 hat (worn)
 m - a +0 chain mail (worn)
Jewellery
 o - a +4 ring of evasion {unknown}
Scrolls
 b - a scroll of amnesia {unknown}
 e - 7 scrolls of identify {unknown}
 f - 2 scrolls of enchant armour {unknown}
 g - a scroll of enchant weapon {unknown}
 h - 3 scrolls of teleportation {unknown}
 i - 2 scrolls of blinking {unknown}
 n - a scroll of fear {unknown}
 p - a scroll of fog {unknown}
 q - a scroll of immolation {unknown}
Comestibles
 c - 5 rations


   Skills:
 + Level 3.0 Fighting
 * Level 4.4 Maces & Flails
 + Level 1.9 Armour
 - Level 0.8 Dodging
 - Level 2.4 Invocations


You had 3 spell levels left.
You didn't know any spells.
Your spell library was empty.

Dungeon Overview and Level Annotations

Branches:
Dungeon (3/15)

Altars:


Innate Abilities, Weirdness & Mutations

You are partially covered in rugged brown scales. (AC +1, +3% HP)
You sometimes gain a little power by taking damage.


Message History

There is a stone staircase leading down here.
An ogre comes into view. It is wielding a +0 giant club.
The ogre shouts!
Found 21 bolts, a viscous dark potion and 10 gold pieces.
The ogre hits you with a +0 giant club.
You sock the ogre!
The ogre is moderately wounded.
The ogre hits you with a +0 giant club!!
Ouch! That really hurt!
* * * LOW HITPOINT WARNING * * *
You focus on the pain.
You feel very mighty all of a sudden.
You closely miss the ogre.
The ogre is moderately wounded.
The ogre closely misses you.
You sock the ogre!
The ogre is heavily wounded.
The ogre hits you with a +0 giant club!!
Ouch! That really hurt!
You die...

##.###.#
#.#
#.#... $#
#.#
#.#.#.#.#
#.#
#.#.....#
#.#
#.#.....#
#.#
#.#.#.#.#
..#
#.#.....#
###
#.#(!...#
#@O.....#
#.#######
#.# #..
###


You could see an ogre.

Vanquished Creatures
  5 adders (D:2)
  An ooze (D:3)
  An adder skeleton (D:2)
  2 worms (D:2)
  A dart slug (D:1)
  2 giant cockroaches
  6 goblins
  8 hobgoblins
  8 kobolds
  A quokka (D:2)
  A ball python (D:1)
  9 bats
  A frilled lizard (D:2)
  4 rats
50 creatures vanquished.

Notes
Turn   | Place    | Note
-------+----------+-------------------------------------------
     0 | Abyss:1  | Kisielow the Demonspawn Abyssal Knight began the quest for
                  | the Orb.
     0 | Abyss:1  | Reached XP level 1. HP: 18/18 MP: 2/2
     0 | D:1      | Escaped the Abyss
    68 | D:1      | Reached skill level 2 in Maces & Flails
   168 | D:1      | Gained mutation: You sometimes gain a little power by
                  | taking damage. [demonic ancestry]
   168 | D:1      | Reached XP level 2. HP: 23/24 MP: 3/3
   329 | D:1      | Reached * piety under Lugonu
   367 | D:1      | Reached skill level 3 in Maces & Flails
   590 | D:1      | Reached XP level 3. HP: 29/29 MP: 4/4
  1025 | D:2      | Gained mutation: You are partially covered in rugged brown
                  | scales. (AC +1, +3% HP) [demonic ancestry]
  1025 | D:2      | Reached XP level 4. HP: 23/36 MP: 5/5
  1044 | D:2      | Reached skill level 4 in Maces & Flails
  1744 | D:3      | Noticed an ogre
  1750 | D:3      | Mangled by an ogre

Skill      XL: |  1  2  3  4 |
---------------+-------------+-----
Maces & Flails | 2 3 4 |  4.4
Fighting       | |  3.0
Armour         | |  1.9
Dodging        | |  0.8
Invocations    | |  2.4

Action                   |  1- 3 |  4- 6 || total
-------------------------+-------+-------++-------
Melee: Mace              |   141 |    66 ||   207
Invok: Depart the Abyss  |     1 |       ||     1
  Use: Potion            |     1 |     1 ||     2
 Stab: Sleeping          |     1 |       ||     1
  Eat: Chunk             |       |     3 ||     3
Armor: Leather armour    |    27 |       ||    27
       Chain mail        |    56 |    50 ||   106
Dodge: Dodged            |    93 |    20 ||   113
